 Dungeon Crawl Stone Soup version 0.20.0-10-g0535bb4 (webtiles) character file.

472 MTVSty1e the Chopper (level 6, -3/48 HPs)
             Began as a Draconian Gladiator on June 7, 2017.
             Slain by an orc wizard
             ... wielding a +0 falchion
              (4 damage)
             ... on level 4 of the Dungeon.
             The game lasted 00:05:18 (2475 turns).

MTVSty1e the Chopper (Draconian Gladiator)          Turns: 2475, Time: 00:05:18

Health: -3/48      AC:  7    Str: 23    XL:     6   Next: 83%
Magic:  6/6        EV: 18    Int:  8    God:
Gold:   110        SH:  0    Dex: 18    Spells: 5/5 levels left

rFire    . . .     SeeInvis .   t - +1 broad axe
rCold    . . .     Gourm    .   (no shield)
rNeg     . . .     Faith    .   (armour unavailable)
rPois    .         Spirit   .   b - +1 hat
rElec    .         Reflect  .   (no cloak)
rCorr    .         Harm     .   (no gloves)
MR       .....                  (no boots)
Stlth    +++.......             j - amulet of regeneration
Regen    0.6/turn               (no ring)
MPRegen  0.1/turn               (no ring)

@: mighty, agile, slowed, very slow
A: unfitting armour, cold-blooded, AC +6
a: no special abilities


You were on level 4 of the Dungeon.
You were not hungry.

You visited 1 branch of the dungeon, and saw 4 of its levels.

You collected 110 gold pieces.

Inventory:

Hand Weapons
 a - a +0 war axe
 t - a +1 broad axe (weapon)
Missiles
 c - 3 throwing nets (quivered)
Armour
 b - a +1 hat (worn)
Jewellery
 j - an amulet of regeneration (around neck)
 u - an uncursed amulet of rage
Scrolls
 h - a scroll of recharging
 m - a scroll of teleportation
 n - a scroll of enchant weapon
 o - 4 scrolls of remove curse
Potions
 e - 4 potions of curing {unknown}
 f - a potion of agility
 g - a potion of heal wounds {unknown}
 l - 2 potions of cancellation
 q - a potion of resistance
 v - a potion of magic {unknown}
Comestibles
 d - 5 bread rations
 k - a meat ration
 p - a royal jelly
 r - 2 fruits


   Skills:
 - Level 2.1 Fighting
 + Level 7.8 Axes
 - Level 1.7 Throwing
 - Level 2.6 Dodging


You had 5 spell levels left.
You didn't know any spells.

Dungeon Overview and Level Annotations

Branches:
Dungeon (4/15)
 Temple: D:4-7

Altars:
Ashenzari

Shops:
D:4 =


Innate Abilities, Weirdness & Mutations

Your plain brown scales are hard. (AC +6)
You cannot fit into any form of body armour.
You are cold-blooded and may be slowed by cold attacks.


Message History

You kill the orc!
You slice the orc!!
You kill the orc!
The gnoll misses you. The gnoll misses you.
The gnoll hits you from afar with a spear of freezing.
The gnoll freezes you.
Things that are here:
a halberd; a gnoll corpse You closely miss the gnoll.
Your tail-slap misses the gnoll.
The gnoll misses you. The gnoll hits you with a halberd!
* * * LOW HITPOINT WARNING * * *
You slash the gnoll! You tail-slap the gnoll.
You kill the gnoll!
The gnoll hits you from afar with a spear of freezing.
* * * LOW HITPOINT WARNING * * *
You feel yourself slow down. The gnoll freezes you.
* * * LOW HITPOINT WARNING * * *
The orc wizard hits you with a falchion.
You die...

#≈...§#.... #≈.∩..'.###
# ### #§..§§#.... .. ..
#≈≈≈§§##### ... ..
############ ..##.
#........... ..##...
#.##.######.
#....o######.##.#### #.
#og@))..........# #.
......##)####....##.###.
.##.. #.# #..#.##.....
... #.# #..#.######. ...
<.# #..#.# #. .. ###
#..#.### #) .
#..#...####.
#...........
######.#####


You could see an orc wizard, a gnoll and an orc.

Vanquished Creatures
  An ogre (D:4)
  A howler monkey (D:4)
  A hound (D:4)
  A gnoll shaman (D:4)
  3 worker ants
  7 gnolls
  4 adders
  2 oozes
  An adder skeleton (D:4)
  2 worms
  A dart slug (D:3)
  3 leopard geckos
  8 orcs
  8 bats
  5 giant cockroaches
  4 goblins
  10 hobgoblins
  12 jackals
  10 kobolds
  A quokka (D:3)
  6 frilled lizards
  3 rats
94 creatures vanquished.

Notes
Turn   | Place    | Note
-------+----------+-------------------------------------------
     0 | D:1      | MTVSty1e the Draconian Gladiator began the quest for the Orb.
     0 | D:1      | Reached XP level 1. HP: 17/17 MP: 1/1
   238 | D:1      | Reached XP level 2. HP: 22/24 MP: 2/2
   378 | D:1      | Reached skill level 4 in Axes
   602 | D:2      | Reached XP level 3. HP: 29/29 MP: 3/3
  1178 | D:2      | Reached XP level 4. HP: 36/36 MP: 4/4
  1199 | D:2      | Reached skill level 5 in Axes
  1657 | D:3      | Found a shattered altar of Ashenzari.
  1702 | D:3      | Reached XP level 5. HP: 41/41 MP: 5/5
  1752 | D:3      | Found a faded altar of an unknown god.
  1914 | D:3      | Reached skill level 6 in Axes
  2056 | D:4      | Reached XP level 6. HP: 37/48 MP: 6/6
  2066 | D:4      | Reached skill level 7 in Axes
  2383 | D:4      | Found Byroa's Jewellery Shop.
  2474 | D:4      | HP: 1/48 [gnoll/spear of freezing (3)]
  2475 | D:4      | Slain by an orc wizard

Skill      XL: |  1  2  3  4  5  6 |
---------------+-------------------+-----
Axes           | 4 5 6 7 |  7.8
Fighting       | |  2.1
Throwing       | |  1.7
Dodging        | |  2.6

Action                   |  1- 3 |  4- 6 || total
-------------------------+-------+-------++-------
Melee: War axe           |   106 |       ||   106
       Tailslap          |    13 |    13 ||    26
       Broad axe         |     3 |   151 ||   154
  Use: Scroll            |       |    11 ||    11
       Potion            |       |     2 ||     2
 Stab: Sleeping          |       |     1 ||     1
  Eat: Fruit             |       |     1 ||     1
       Chunk             |       |     1 ||     1
       Meat ration       |       |     1 ||     1
Armor: Skin              |    39 |    42 ||    81
Dodge: Dodged            |   109 |   153 ||   262
